 Dungeon Crawl Stone Soup version 0.29-a0-617-g7a6b98fccd (webtiles) character file.

Game seed: 908416365932741028

23 dsb7d the Skirmisher (level 3, 0/29 HPs)
             Began as a Human Berserker on June 17, 2022.
             Was a Follower of Trog.
             Slain by Sigmund
             ... wielding a +0 vorpal scythe
              (1 damage)
             ... on level 2 of the Dungeon.
             The game lasted 00:08:53 (1470 turns).

dsb7d the Skirmisher (Human Berserker)              Turns: 1470, Time: 00:08:54

Health: 0/29       AC:  5    Str: 19    XL:     3   Next: 12%
Magic:  3/3        EV: 11    Int:  7    God:    Trog [*.....]
Gold:   40         SH:  0    Dex: 12    Spells: 2/2 levels left

rFire   . . .      SeeInvis .   a - +0 hand axe
rCold   . . .      Faith    .   (no shield)
rNeg    . . .      Spirit   .   i - +0 ring mail
rPois   .          Reflect  +   (no helmet)
rElec   .          Harm     .   (no cloak)
rCorr   .          Rampage  .   (no gloves)
Will    .....                   (no boots)
Stlth   ..........              n - amulet of reflection
HPRegen 0.09/turn               (no ring)
MPRegen 0.08/turn               (no ring)

@: confused
A: no striking features
a: Renounce Religion, Berserk


You were on level 2 of the Dungeon.
You worshipped Trog.
Trog was aware of your devotion.
You visited 1 branch of the dungeon, and saw 2 of its levels.

You collected 40 gold pieces.

Inventory:

Hand Weapons
 a - a +0 hand axe (weapon)
 c - a +0 mace
 d - a +0 club
 g - a +0 short sword
Armour
 b - a +0 animal skin
 i - a +0 ring mail (worn)
Jewellery
 n - an amulet of reflection (around neck)
Scrolls
 e - a scroll of teleportation {unknown}
 k - a scroll of brand weapon {unknown}
 m - a scroll of enchant armour {unknown}
Potions
 f - a potion of curing {unknown}
 j - a potion of magic {unknown}
 l - a potion of invisibility {unknown}


   Skills:
 + Level 3.5 Fighting
 + Level 3.4 Axes
 + Level 2.0 Armour
 + Level 2.1 Dodging


You had 2 spell levels left.
You didn't know any spells.
Your spell library was empty.

Dungeon Overview and Level Annotations

Branches:
Dungeon (2/15)

Altars:

Annotations:
D:2 Sigmund


Message History

Trog accepts your kill.
You now have 40 gold pieces (gained 16).
There are no items here.
Sigmund casts a spell at you.
You are confused.
Sigmund points at you and mumbles some strange words.
The puff of flame hits you!
Sigmund hits you with a +0 vorpal scythe.
You closely miss Sigmund.
You bump into the rock wall.
You feel less confused.
Sigmund hits you with a +0 vorpal scythe!
* * * LOW HITPOINT WARNING * * *
You barely miss Sigmund.
Sigmund hits you with a +0 vorpal scythe.
* * * LOW HITPOINT WARNING * * *
x2 You hit Sigmund.
Sigmund is lightly wounded.
Sigmund gestures wildly while chanting.
Sigmund flickers and vanishes!
Deactivating autopickup; reactivate with Ctrl-A.
You barely miss something. Something hits you.
* * * LOW HITPOINT WARNING * * *
x2 You barely miss something.
There is a strange disturbance nearby!
It was a potion of heal wounds.
You feel much better. Something hits you.
You hit something but do no damage. Something hits you!
You hit something.
A kobold comes into view. It is wielding a +0 dagger.
Something hits you.
The kobold moves out of view.
You slash something! You closely miss something.
The kobold shouts!
Something hits you but does no damage.
You hit something.
You hear some strange, mumbled words.
You are confused.
Something hits you!
* * * LOW HITPOINT WARNING * * *
You die...

#.............##
#.########.....######
#.# #........... #.#
######.....######.#
#.#
#.................#
#.#
#.<#####.K#######.#
#.# #..# #..........
#.###..#####..######..
#............@#
#####..#####.{#
#.>........
#.#######.## #.. #..
##. #.# ###.
#.######.#...>.
.....{.....#
......<<.#


You could see a kobold.

Vanquished Creatures
  2 dart slugs (D:1)
  3 bats (D:1)
  4 endoplasms (D:1)
  A goblin (D:1)
  A quokka (D:1)
  4 ball pythons
  A kobold (D:1)
  2 rats (D:1)
18 creatures vanquished.

Vanquished Creatures (others)
  6 fungi (D:1)
  2 plants (D:1)
8 creatures vanquished.

Grand Total: 26 creatures vanquished

Notes
Turn   | Place    | Note
-------+----------+-------------------------------------------
     0 | D:1      | dsb7d the Human Berserker began the quest for the Orb.
     0 | D:1      | Reached XP level 1. HP: 18/18 MP: 1/1
   379 | D:1      | Reached XP level 2. HP: 24/24 MP: 2/2
  1098 | D:1      | Reached XP level 3. HP: 26/29 MP: 3/3
  1136 | D:1      | Found a faded altar of an unknown god.
  1332 | D:2      | Noticed Sigmund
  1462 | D:2      | HP: 1/29 [something (1)]
  1470 | D:2      | HP: 1/29 [something (11)]
  1470 | D:2      | Slain by Sigmund

Illustrated notes

Levels and vault maps discovered:
D:1:      lemuel_arrival_funnel, layout_basic, shapermc_ecumenical_altar_ellora
D:2:      layout_loops_ring, kennysheep_cross_bottleneck, uniq_sigmund

Action                   || total
-------------------------++-------
Melee: Hand axe          ||    88
       Punch             ||     3
  Use: Scroll            ||     1
       Potion            ||     1
Armor: Animal skin       ||    16
       Ring mail         ||     5
Dodge: Dodged            ||    51
Block: Other             ||     2

Table legend: (Time is in decaauts)
 A = Elapsed time spent in this place.
 B = Non-inter-level travel time spent in this place.
 C = Inter-level travel time spent in this place.
 D = Time resting spent in this place.
 E = Time spent auto-exploring this place.
 F = Levels seen in this place.
 G = Mean time per level.
                   A        B        C        D        E       F      G
               +--------+--------+--------+--------+--------+-----+--------+
         Total |   1481 |   1481 |      0 |    354 |      0 |   2 |  740.5 |
       Dungeon |   1481 |   1481 |      0 |    354 |      0 |   2 |  740.5 |
               +--------+--------+--------+--------+--------+-----+--------+

Top non-repeatable levels by time:
     D:1: 1393 daAuts
     D:2: 88 daAuts
